 Dungeon Crawl Stone Soup version 0.21.0-3-g78d12a8 (webtiles) character file.

2030 HungrySpirit the Cleaver (level 9, -5/82 HPs)
             Began as a Deep Dwarf Monk on Jan 9, 2018.
             Splashed by an acid dragon's acid (10 damage)
             ... led by Pikel
             ... on level 7 of the Dungeon.
             The game lasted 00:14:48 (6019 turns).

HungrySpirit the Cleaver (Deep Dwarf Monk)          Turns: 6019, Time: 00:14:49

Health: -5/82      AC:  9    Str: 18    XL:     9   Next: 3%
Magic:  2/2        EV:  6    Int: 11    God:
Gold:   526        SH:  0    Dex: 15    Spells: 8/8 levels left

rFire    . . .     SeeInvis .   a - +0 hand axe
rCold    . . .     Gourm    .   (no shield)
rNeg     . . .     Faith    .   y - +1 plate armour
rPois    .         Spirit   .   (no helmet)
rElec    .         Reflect  .   (no cloak)
rCorr    .         Harm     .   (no gloves)
MR       +....                  (no boots)
Stlth    ..........             t - amulet of magic regeneration
HPRegen  0.00/turn              (no ring)
MPRegen  0.33/turn              (no ring)

@: corroded, very slightly contaminated, non-regenerating, drained, invisible
A: damage resistance, heal wounds, sense surroundings 2, no regeneration
a: Heal Wounds


You were on level 7 of the Dungeon.
You were not hungry.

You visited 2 branches of the dungeon, and saw 8 of its levels.
You also visited: Sewer.

You collected 526 gold pieces.

Inventory:

Hand Weapons
 a - a +0 hand axe (weapon)
 A - a +0 battleaxe
Armour
 i - a +0 shield
 y - a +1 plate armour (worn)
Jewellery
 t - an amulet of magic regeneration (around neck)
Wands
 j - a wand of polymorph (15)
 o - a wand of disintegration (4)
 v - a wand of flame (21)
Scrolls
 b - 4 scrolls of teleportation {unknown}
 d - a scroll of enchant weapon {unknown}
 e - 5 scrolls of remove curse
 g - 2 scrolls of enchant armour
 h - a scroll of magic mapping
 l - 2 scrolls of immolation {unknown}
 m - 3 scrolls of fog {unknown}
 n - 3 scrolls of noise {unknown}
 p - 3 scrolls of identify
 r - a scroll of blinking {unknown}
 s - 2 scrolls of amnesia {unknown}
Potions
 f - a potion of cancellation
 k - 2 potions of resistance
 u - 2 potions of mutation
 w - a potion of haste
 x - a potion of lignification
 B - a potion of agility {unknown}
Comestibles
 c - 12 rations
 z - 2 chunks of flesh


   Skills:
 + Level 6.3(5.6) Fighting
 * Level 10.2(9.4) Axes
 + Level 5.0(4.4) Armour
 - Level 3.2(2.6) Dodging
 - Level 2.4(1.8) Stealth


You had 8 spell levels left.
You didn't know any spells.

Dungeon Overview and Level Annotations

Branches:
Dungeon (7/15)             Temple (1/1) D:5

Altars:
Ashenzari
Cheibriados
Dithmenos
Elyvilon
Fedhas
Gozag
Hepliaklqana
Kikubaaqudgha
Nemelex Xobeh
Okawaru
Qazlal
Ru
Sif Muna
Trog
Uskayaw
Wu Jian
Yredelemnul
Zin
The Shining One

Annotations:
D:3 exclusion: oklob plant
D:5 mopl's ghost, novice BaTm
D:7 Pikel


Innate Abilities, Weirdness & Mutations

You are resistant to damage.
You can heal yourself by infusing magical energy.
You passively map the area around you.
You do not regenerate.


Message History

The slave hits you!
* * * LOW HITPOINT WARNING * * *
The orc priest mumbles some strange prayers to Beogh against the slave.
The slave struggles to resist.
Pikel zaps a wand.
The slave evaporates and reforms as an acid dragon!
The slave closely misses you.
The acid dragon roars!
You hit the orc priest.
The orc priest is heavily wounded.
Unknown command.
Your plate armour prevents you from hitting the orc priest.
The orc priest is heavily wounded.
You hit the acid dragon but do no damage.
The orc priest hits you but does no damage.
The acid dragon spits acid at you. The splash of acid hits you!
* * * LOW HITPOINT WARNING * * *
The acid corrodes you!
You are splashed with acid!
The acid burns!
You die...

,,* , * * ,
##...##.......# *
*,.#####+###...##.......#
......................#
....................[.#
,..............[.......#
, *
.###...##...##.......# ,
+**##...####+##.......#
,#.......o[##....#### ,
,,#......@DKp....## ** ,
+.............##, ., *
##...##.......+,, *
..#########[..##.......#
,,
..............#....#####
* ...........[..##...# ,
* .......<......##...#*,
,, ...............'....,
* ...............#.,, ,,,


You could see Pikel, an acid dragon, a slave and an orc priest.

Vanquished Creatures
  Sigmund (D:3)
  Eustachio (D:5)
  Purgy (Sewer)
  2 slaves (D:7)
  An ice beast (D:5)
  An orc warrior (D:6)
  2 ogres
  A centaur (D:6)
  A bullfrog (D:2)
  A scorpion (D:4)
  3 wights (D:6)
  2 howler monkeys (D:5)
  A quasit (D:5)
  A centaur zombie (D:5)
  3 hounds
  An orc priest (D:7)
  A jelly (D:5)
  An iguana (D:4)
  Natasha (thrice) (D:4)
  6 orc wizards
  Ijyb (D:4)
  Terence (D:3)
  2 worker ants
  A hound skeleton (D:3)
  A worker ant zombie (D:5)
  9 gnolls
  10 adders
  A shadow imp (D:5)
  An adder zombie (D:6)
  3 worms
  3 dart slugs (D:2)
  3 leopard geckos
  12 orcs
  10 giant cockroaches
  15 goblins
  14 hobgoblins
  10 jackals
  12 kobolds
  3 quokkas (D:3)
  3 ball pythons
  8 bats
  4 frilled lizards
  A leopard gecko skeleton (D:5)
  10 rats
172 creatures vanquished.

Vanquished Creatures (others)
  4 toadstools (D:1)
4 creatures vanquished.

Grand Total: 176 creatures vanquished

Notes
Turn   | Place    | Note
-------+----------+-------------------------------------------
     0 | D:1      | HungrySpirit the Deep Dwarf Monk began the quest for the Orb.
     0 | D:1      | Reached XP level 1. HP: 20/20 MP: 1/1
   201 | D:1      | Reached XP level 2. HP: 25/27 MP: 2/2
   710 | D:2      | Reached skill level 4 in Axes
   746 | D:2      | Noticed a bullfrog
   746 | D:2      | Reached XP level 3. HP: 33/34 MP: 2/2
   757 | D:2      | Killed a bullfrog
   757 | D:2      | Reached skill level 5 in Axes
   757 | D:2      | Reached XP level 4. HP: 27/42 MP: 3/3
  1321 | D:3      | Reached XP level 5. HP: 47/50 MP: 3/3
  1430 | D:3      | Found a blossoming altar of Fedhas.
  1451 | D:3      | Noticed an oklob plant
  1586 | D:3      | Noticed Sigmund
  1618 | D:3      | Killed Sigmund
  1618 | D:3      | Reached skill level 6 in Axes
  1618 | D:3      | Reached XP level 6. HP: 25/57 MP: 4/4
  1960 | D:3      | Noticed Terence
  1978 | D:3      | Killed Terence
  2227 | D:3      | Reached skill level 7 in Axes
  2631 | D:4      | Reached skill level 1 in Armour
  2799 | D:4      | Reached XP level 7. HP: 51/66 MP: 4/4
  2804 | D:4      | Noticed Ijyb
  2835 | D:4      | Killed Ijyb
  3072 | D:4      | Noticed Natasha
  3095 | D:4      | Killed Natasha
  3110 | D:4      | Noticed Natasha
  3125 | D:4      | Killed Natasha
  3132 | D:4      | Got an ancient chain mail
  3246 | D:3      | Identified the cursed +0 chain mail "Liantonk" {rElec Str+2} (You found it on level 4 of the Dungeon)
  3351 | D:4      | Noticed Natasha
  3362 | D:4      | Killed Natasha
  3362 | D:4      | Reached skill level 8 in Axes
  3439 | D:4      | Reached skill level 5 in Fighting
  3655 | D:5      | Entered Level 5 of the Dungeon
  3836 | D:5      | Found a white marble altar of Elyvilon.
  3887 | D:5      | Reached XP level 8. HP: 43/74 MP: 3/3
  3969 | D:5      | Noticed mopl's ghost (novice BaTm)
  4052 | D:5      | Found a glowing drain.
  4067 | Sewer    | Entered a sewer
  4090 | Sewer    | Noticed Purgy
  4118 | Sewer    | Killed Purgy
  4204 | Sewer    | Reached skill level 9 in Axes
  4288 | D:5      | Found a snail-covered altar of Cheibriados.
  4466 | D:5      | Noticed Eustachio
  4520 | D:5      | Killed Eustachio
  4558 | D:5      | Found a staircase to the Ecumenical Temple.
  4915 | D:6      | HP: 3/76 [orc warrior/flail (15)]
  5229 | D:6      | Found an opulent altar of Gozag.
  5452 | D:6      | Reached skill level 10 in Axes
  5516 | D:6      | Found an ornate altar of the Wu Jian Council.
  5517 | D:6      | Found an ancient bone altar of Kikubaaqudgha.
  5592 | D:6      | Reached skill level 5 in Armour
  5592 | D:6      | Gained mutation: You passively map the area around you. [Deep Dwarf growth]
  5592 | D:6      | Reached XP level 9. HP: 28/82 MP: 3/3
  5609 | D:6      | Found a deep blue altar of Sif Muna.
  5703 | Temple   | Entered the Ecumenical Temple
  5996 | D:7      | Noticed Pikel
  6019 | D:7      | Splashed by an acid dragon's acid

Skill      XL: |  1  2  3  4  5  6  7  8 |
---------------+-------------------------+-----
Fighting       | 3 4 5 6 |  6.3
Axes           | 4 5 6 7 8 10 | 10.2
Armour         | 1 3 5 |  5.0
Dodging        | |  3.2
Stealth        | |  2.4

Action                   |  1- 3 |  4- 6 |  7- 9 || total
-------------------------+-------+-------+-------++-------
Melee: Hand axe          |    70 |   285 |   545 ||   900
       Battleaxe         |       |       |     8 ||     8
 Abil: Heal Wounds       |     1 |     5 |    12 ||    18
Evoke: Wand              |       |       |     7 ||     7
  Use: Potion            |       |     4 |     2 ||     6
       Scroll            |       |       |     9 ||     9
 Stab: Sleeping          |     4 |     3 |       ||     7
       Distracted        |       |     1 |       ||     1
       Invisible         |       |       |     5 ||     5
  Eat: Chunk             |       |     7 |    11 ||    18
Armor: Robe              |    10 |     4 |       ||    14
       Ring mail         |       |    58 |    18 ||    76
       Chain mail        |       |       |   161 ||   161
       Plate armour      |       |       |   108 ||   108
Dodge: Dodged            |    53 |   191 |   266 ||   510
